 Dungeon Crawl Stone Soup version 0.20.0-15-g7f486f2 (webtiles) character file.

396 Hook the Ruffian (level 6, -8/51 HPs)
             Began as a Draconian Transmuter on June 20, 2017.
             Killed from afar by Overlord's ghost (10 damage)
             ... with a puff of flame
             ... on level 4 of the Dungeon.
             The game lasted 00:15:02 (5130 turns).

Hook the Ruffian (Draconian Transmuter)             Turns: 5130, Time: 00:15:02

Health: -8/51      AC:  2    Str: 12    XL:     6   Next: 52%
Magic:  8/10       EV: 21    Int: 16    God:
Gold:   305        SH:  0    Dex: 16    Spells: 4/10 levels left

rFire    . . .     SeeInvis .     - Unarmed
rCold    . . .     Gourm    .   (shield currently unavailable)
rNeg     . . .     Faith    .   (armour unavailable)
rPois    x         Spirit   .   (helmet currently unavailable)
rElec    .         Reflect  .   (cloak currently unavailable)
rCorr    .         Harm     .   (gloves currently unavailable)
MR       .....                  (boots currently unavailable)
Stlth    ++........             (no amulet)
Regen    0.2/turn               (no ring)
MPRegen  0.2/turn               (no ring)

@: spider-form (expiring)
A: unfitting armour, AC +6
a: End Transformation


You were on level 4 of the Dungeon.
You were not hungry.
You were a venomous arachnid creature.
You visited 1 branch of the dungeon, and saw 4 of its levels.

You collected 305 gold pieces.

Inventory:

Missiles
 a - 42 arrows
 r - 2 tomahawks (quivered)
Scrolls
 i - 4 scrolls of identify
 k - 3 scrolls of magic mapping
 n - 3 scrolls of enchant weapon
 q - a scroll of enchant armour
Potions
 d - 2 potions of heal wounds {unknown}
 e - 3 potions of curing {unknown}
 f - a potion of flight {unknown}
 g - 3 potions of might {unknown}
 j - a potion of brilliance {unknown}
 l - a potion of berserk rage {unknown}
 m - a potion of ambrosia {unknown}
 o - 2 potions of agility
Books
 b - a book of Changes

   Spells                             Type                      Level
   a - Beastly Appendage              Transmutation                1
   b - Sticks to Snakes               Transmutation                2
   c - Spider Form                    Transmutation/Poison         3
   d - Ice Form                       Ice/Transmutation            4
   e - Blade Hands                    Transmutation                5
Comestibles
 c - 3 bread rations
 h - 2 meat rations


   Skills:
 * Level 3.1 Fighting
 * Level 3.4 Dodging
 - Level 0.2 Stealth
 + Level 4.3 Unarmed Combat
 + Level 2.7 Spellcasting
 * Level 3.3 Transmutations
 * Level 1.7 Poison Magic


You had 4 spell levels left.
You knew the following spells:

 Your Spells              Type           Power        Failure   Level  Hunger
a - Beastly Appendage     Tmut           ##....       14%         1    #......
b - Spider Form           Tmut/Pois      ##........   41%         3    ###....
c - Sticks to Snakes      Tmut           ##......     21%         2    ##.....


Dungeon Overview and Level Annotations

Branches:
Dungeon (4/15)
 Temple: D:4-7

Altars:
Qazlal

Annotations:
D:4 Overlord's ghost, amateur DrFE


Innate Abilities, Weirdness & Mutations

((Your plain brown scales are hard. (AC +6)))
You cannot fit into any form of body armour.
((You are cold-blooded and may be slowed by cold attacks.))


Message History

Your transformation is almost over.
Overlord's ghost closely misses you.
You bite Overlord's ghost!
Overlord's ghost is severely damaged.
Overlord's ghost casts a spell at you. The puff of flame hits you!
You hit Overlord's ghost.
Overlord's ghost is severely damaged.
Overlord's ghost gestures at you while chanting.
The puff of flame hits you!
* * * LOW HITPOINT WARNING * * *
You bite Overlord's ghost!
Overlord's ghost is almost destroyed.
Overlord's ghost gestures at you while chanting.
The flame tongue misses you.
You hit Overlord's ghost but do no damage.
Overlord's ghost is almost destroyed.
Overlord's ghost points at you and mumbles some strange words.
The puff of flame hits you!
You die...

#...##..##########..###..########
#...#####........#..###....#.....
'.......#........#....#..........
#.......#........#....#........#.
#......>#...<....#....#........#.
#####'###........#....#........#.
.................#######..######.
.........#######.......#####.....
.........#.....#s......#...'.....
.........#.....#W......#...#.....
.........#.....'.......#...#.....
.........#.....#.......#...#.....
.........#...###.......#####.....
.........#...#######[..........##
.........#.........#...........#
.........#.........#...........#
.........#.........#...........#


You could see Overlord's ghost.

Vanquished Creatures
  A scorpion (D:4)
  A howler monkey (D:4)
  An orc priest (D:3)
  An orc wizard (D:4)
  3 worker ants (D:4)
  Robin (D:2)
  5 adders
  An ooze (D:3)
  2 adder skeletons (D:4)
  3 worms
  4 dart slugs
  A leopard gecko (D:4)
  9 orcs (D:3)
  A ball python (D:1)
  5 giant cockroaches
  12 goblins
  9 hobgoblins
  5 jackals
  3 quokkas
  7 bats
  4 frilled lizards
  A jackal skeleton (D:4)
  8 kobolds
  A leopard gecko skeleton (D:4)
  5 rats
  A plant (D:1)
95 creatures vanquished.

Notes
Turn   | Place    | Note
-------+----------+-------------------------------------------
     0 | D:1      | Hook the Draconian Transmuter began the quest for the Orb.
     0 | D:1      | Reached XP level 1. HP: 16/16 MP: 3/3
   162 | D:1      | Reached XP level 2. HP: 14/23 MP: 5/5
  1511 | D:2      | Reached XP level 3. HP: 28/29 MP: 6/6
  1521 | D:2      | Found a faded altar of an unknown god.
  1526 | D:2      | Learned a level 3 spell: Spider Form
  1607 | D:2      | Noticed Robin
  2012 | D:2      | Killed Robin
  2441 | D:2      | Reached XP level 4. HP: 36/36 MP: 0/7
  2817 | D:3      | Found a stormy altar of Qazlal.
  3127 | D:3      | Reached XP level 5. HP: 42/42 MP: 4/8
  3390 | D:4      | Learned a level 2 spell: Sticks to Snakes
  3558 | D:4      | Reached skill level 1 in Poison Magic
  3870 | D:4      | Reached skill level 4 in Unarmed Combat
  3975 | D:4      | Reached XP level 6. HP: 28/50 MP: 6/9
  4506 | D:4      | Noticed Overlord's ghost (amateur DrFE)
  5128 | D:4      | HP: 2/51 [Overlord's ghost/puff of flame (14)]
  5130 | D:4      | Killed from afar by Overlord's ghost

Skill      XL: |  1  2  3  4  5  6 |
---------------+-------------------+-----
Dodging        | 2 3 |  3.4
Fighting       | 2 3 |  3.1
Poison Magic   | 1 |  1.7
Transmutations | 3 |  3.3
Unarmed Combat | 4 |  4.3
Stealth        | |  0.2
Spellcasting   | |  2.7

Action                   |  1- 3 |  4- 6 || total
-------------------------+-------+-------++-------
Melee: Unarmed           |   240 |   199 ||   439
       Headbutt          |    12 |     7 ||    19
       Tailslap          |    17 |     7 ||    24
       Kick              |    12 |     3 ||    15
       Punch             |       |     1 ||     1
 Cast: Beastly Appendage |    22 |    13 ||    35
       Spider Form       |     3 |    19 ||    22
  Use: Scroll            |     6 |     3 ||     9
 Stab: Sleeping          |       |     1 ||     1
       Distracted        |       |     1 ||     1
  Eat: Chunk             |     6 |     6 ||    12
       Bread ration      |       |     1 ||     1
       Meat ration       |       |     1 ||     1
Armor: Skin              |    49 |    37 ||    86
Dodge: Dodged            |   121 |   176 ||   297
